 Dungeon Crawl Stone Soup version 0.30-b1-2-g02819fbbbe (webtiles) character file.

Game seed: 13407573729582700688

65 Alarkh the Digger (level 3, -5/24 HPs)
             Began as a Demonspawn Earth Elementalist on May 29, 2023.
             Slain by an iguana (11 damage)
             ... on level 5 of the Dungeon.
             The game lasted 00:02:03 (1142 turns).

Alarkh the Digger (Demonspawn Earth Elementalist)   Turns: 1142, Time: 00:02:03

Health: -5/24      AC:  3    Str:  8    XL:     3   Next: 94%
Magic:  16/16      EV: 12    Int: 20    God:
Gold:   109        SH:  0    Dex: 13    Spells: 3/7 levels left

rFire   . . .        a - +0 dagger (speed)
rCold   . . .        (no shield)
rNeg    . . .        i - +1 robe
rPois   .            (no helmet)
rElec   .            (no cloak)
rCorr   .            (no gloves)
SInv    .            (no boots)
Will    .....        (no amulet)
Stlth   ++           c - ring of magical power
HPRegen 0.24/turn    (no ring)
MPRegen 0.15/turn

%: no passive effects
@: no status effects
A: big brain 1, demonic touch 1
a: no special abilities


You were on level 5 of the Dungeon.
You visited 1 branch of the dungeon, and saw 5 of its levels.

You collected 109 gold pieces.

Inventory:

Hand Weapons
 a - a +0 dagger of speed (weapon)
Armour
 i - a +1 robe (worn)
Jewellery
 c - a ring of magical power (left hand)
 l - a ring of protection from fire
Scrolls
 d - a scroll of poison
 e - a scroll of fog
Potions
 b - a potion of magic
 f - a potion of attraction {unknown}
 g - a potion of cancellation {unknown}
 j - a potion of lignification {unknown}


   Skills:
 - Level 1.7 Dodging
 - Level 1.7 Stealth
 + Level 2.7 Spellcasting
 - Level 0.8 Transmutations
 * Level 3.9 Earth Magic


You had 3 spell levels left.
You knew the following spells:

 Your Spells              Type           Power      Damage    Failure   Level
a - Sandblast             Erth           36%        2d10      2%          1
b - Stone Arrow           Conj/Erth      20%        3d8       19%         3

Your spell library contained the following spells:

 Spells                   Type           Power      Damage    Failure   Level
 Passwall                 Tmut/Erth      10%        N/A       9%          2
 Magic Dart               Conj           8%         1d3       14%         1
 Call Imp                 Summ           4%         N/A       22%         2
 Ensorcelled Hibernation  Hex/Ice        4%         N/A       22%         2
 Mephitic Cloud           Conj/Pois/Air  2%         N/A       41%         3
 Swiftness                Air            2%         N/A       41%         3
 Petrify                  Tmut/Erth      12%        N/A       47%         4


Dungeon Overview and Level Annotations

Branches:
Dungeon (6/15)
 Temple: D:4-7

Altars:

Annotations:
D:2 Terence


Innate Abilities, Weirdness & Mutations

You have an unusually large brain. (Int +2)
Your touch may inflict minor irresistible damage on your foes.


Message History

As you read the scroll labelled KUMUGH VECWOONLOA, it crumbles to dust.
It is a scroll of amnesia.
Really abort (and waste the scroll)? [Y]es or [N]o only, please.
Really abort (and waste the scroll)?
Okay, then.
Your surroundings suddenly seem different.
Found a grey potion.
This spell is extremely dangerous to cast!
Memorise Stone Arrow, consuming 3 spell levels and leaving 3?
You start memorising the spell.
You continue memorising. x3
You finish memorising.
Spell assigned to 'b'.
Okay, then.
f - a grey potion
Found a scroll labelled ZASYOPHAXIR.
Found a stone staircase leading down and a stone staircase leading up.
Your gnoll dissolves into shadows!
There is a stone staircase leading down here.
Your gnoll dissolves into shadows!
There is a stone staircase leading up here.
Found an emerald potion.
g - an emerald potion
Found a book of Burglary.
Found an escape hatch in the ceiling.
You pick up a book of Burglary and begin reading...
You add the spells Ensorcelled Hibernation and Swiftness to your library.
Your centaur dissolves into shadows!
Your gnoll dissolves into shadows!
You hear the slow rusting of a very distant drain.
An iguana comes into view.
A centaur comes into view.
The centaur wields a +0 shortbow.
The centaur shoots an arrow.
The arrow hits you!
The centaur shoots an arrow.
The arrow closely misses you.
The iguana hisses angrily.
The centaur shoots an arrow.
The arrow barely misses you.
The centaur shoots an arrow.
The arrow hits you!
* * * LOW HITPOINT WARNING * * *
The iguana closely misses you.
The centaur shoots an arrow.
The arrow barely misses you. The iguana attacks as you move away!
The iguana bites you!
You die...

##.###............#.#g#
#.# #....#.......# #.# #
#.# #.........##.# #w#.#
#.# #####.....# ..?#c...
#.# #.....##.......# #.#
####...........#
###.###############......#
#.........................
#<...#...@##. ####..##.#
#....#..l.# ##. ..
#....#....# ## .#
#....#....# ######....#
#..... ###.... .c...#
......


You could see a centaur and an iguana.

Vanquished Creatures
  A hound (D:5)
  A dart slug (D:3)
  An orc (D:5)
  5 ball pythons
  2 endoplasms
  4 goblins
  2 hobgoblins (D:1)
  4 quokkas
  2 bats
  10 frilled lizards
  2 rats (D:1)
34 creatures vanquished.

Vanquished Creatures (others)
  6 plants (D:1)
6 creatures vanquished.

Grand Total: 40 creatures vanquished

Notes
Turn   | Place    | Note
-------+----------+-------------------------------------------
     0 | D:1      | Alarkh the Demonspawn Earth Elementalist began the quest
                  | for the Orb.
     0 | D:1      | Reached XP level 1. HP: 13/13 MP: 3/3
   406 | D:1      | Reached skill level 3 in Earth Magic
   418 | D:1      | Gained mutation: Your touch may inflict minor irresistible
                  | damage on your foes. [demonic ancestry]
   418 | D:1      | Reached XP level 2. HP: 19/19 MP: 5/5
   736 | D:2      | Noticed Terence
   780 | D:2      | Found a faded altar of an unknown god.
   939 | D:3      | Gained mutation: You have an unusually large brain. (Int
                  | +2) [demonic ancestry]
   939 | D:3      | Reached XP level 3. HP: 24/24 MP: 6/6
  1070 | D:3      | You fall into a shaft and drop 3 floors!
  1087 | D:5      | Entered Level 5 of the Dungeon
  1105 | D:5      | Learned a level 3 spell: Stone Arrow
  1138 | D:5      | Noticed a centaur
  1142 | D:5      | Slain by an iguana

Illustrated notes

Levels and vault maps discovered:
D:1:      minmay_arrival_jagged, layout_basic, minmay_lizard_king
D:2:      layout_rooms, serial_shops, nicolae_shop_real_fake_doors,
          basic_ecumenical_altar, uniq_terence
D:3:      cheibrodos_old_hovel, layout_basic, lemuel_flame_loot_1
D:5:      layout_basic, gup_sewer_entry_glass, chequers_serial_rivers_micro_b
D:6:      layout_rooms, gammafunk_ghost_split, lemuel_flamethrower_1,
          uniq_duvessa, uniq_blork_the_orc, uniq_pikel

Skill      XL: |  1 |
---------------+----+-----
Earth Magic    | 3 |  3.9
Dodging        | |  1.7
Stealth        | |  1.7
Spellcasting   | |  2.7
Transmutations | |  0.8

Action                     || total
---------------------------++-------
  Melee: Dagger            ||     2
         Touch             ||     1
   Cast: Sandblast         ||    41
    Use: Scroll            ||     6
 Armour: Robe              ||     5
  Dodge: Dodged            ||    14
